Canadiens vs Flames

Created - 7 janvier 2018 at 17:14

Goals
1 2 3 T
Canadiens 1 2 3 6
Flames 2 0 0 2
Shots
1 2 3 T
Canadiens 9 9 9 27
Flames 11 10 13 34

1st period

1. Canadiens , Jordan Eberle 17 (Mike Ribeiro 16, Gustav Nyquist 18) at 1:33
2. Flames , Viktor Arvidsson 20 (John Carlson 19, Justin Faulk 17) at 5:04
3. Flames , Jaromir Jagr 7 (Justin Faulk 18, Brandon Sutter 16) at 17:45

Penalties :
Jordan Martinook (CGY) for Elbowing (Minor) at 19:44

2nd period

4. Canadiens , Jakob Silfverberg 18 (Marcus Johansson 21, John Tavares 28) at 0:22 (PP)
5. Canadiens , Zack Smith 7 (Justin Abdelkader 4, Nate Schmidt 7) at 1:43

Penalties :
No Penalty

3rd period

6. Canadiens , Marcus Johansson 15 (Ian Cole 15, John Tavares 29) at 4:13 (PP)
7. Canadiens , Adam Larsson 4 (John Tavares 30, Marcus Johansson 22) at 15:22
8. Canadiens , Gustav Nyquist 15 (Jordan Eberle 21, Ivan Provorov 20) at 18:41

Penalties :
Brayden McNabb (MTL) for Slashing (Minor) at 0:34, Alec Martinez (CGY) for Holding (Minor) at 3:34

Goalie Stats

Cam Talbot (MTL), 32 saves from 34 shots - (0.941), W, 24-7-3, 60:00 minutes
Mike Smith (CGY), 6 saves from 8 shots - (0.750), 15:47 minutes
Andrei Vasilevskiy (CGY), 15 saves from 19 shots - (0.789), L, 8-9-3, 44:13 minutes

Players Stats for Canadiens

Player Name              G  A  P  +/- PIM S  H  SB GA TA FO     MP     PP MP  PK MP  
------------------------------------------------------------------------------------
Adam Larsson             1  0  1   1  0   3  2  1  0  0  0/0    18:30   0:23   0:49 
Artturi Lehkonen         0  0  0   0  0   0  0  0  0  0  0/0     1:00   0:00   0:00 
Auston Matthews          0  0  0   0  0   0  0  0  0  0  6/13   12:50   0:00   0:39 
Brayden McNabb           0  0  0   1  2   1  0  2  0  0  0/0    20:46   0:15   0:00 
Gustav Nyquist           1  1  2   1  0   3  1  0  0  0  0/0    19:30   0:00   0:00 
Ian Cole                 0  1  1   0  0   0  2  1  0  0  0/0    22:49   0:39   0:49 
Ivan Provorov            0  1  1   0  0   0  1  1  0  0  0/0    19:27   0:15   1:10 
Jakob Silfverberg        1  0  1   0  0   5  0  0  0  0  0/2    20:11   1:17   0:00 
John Tavares             0  3  3   0  0   0  0  0  0  0  15/23  20:11   1:17   0:00 
Jordan Eberle            1  1  2   1  0   2  1  1  0  0  0/0    19:30   0:00   0:00 
Josh Morrissey           0  0  0   1  0   1  2  1  0  0  0/0    20:22   1:02   1:10 
Justin Abdelkader        0  1  1   1  0   0  1  0  0  0  0/0     7:29   0:00   1:20 
Marcus Johansson         1  2  3   0  0   6  1  0  0  0  1/1    20:11   1:17   0:00 
Mike Ribeiro             0  1  1   1  0   1  1  0  0  0  7/27   19:30   0:00   0:00 
Nate Schmidt             0  1  1   1  0   3  1  1  0  0  0/0    18:05   0:00   0:00 
Nick Shore               0  0  0   1  0   0  1  0  0  0  2/9     6:48   0:00   0:39 
Teuvo Teravainen         0  0  0   0  0   0  0  0  0  0  0/0    12:11   0:00   0:00 
Zack Smith               1  0  1   1  0   2  2  0  0  0  2/4    18:40   0:00   1:20 

Players Stats for Flames

Player Name              G  A  P  +/- PIM S  H  SB GA TA FO     MP     PP MP  PK MP  
------------------------------------------------------------------------------------
Adam Lowry               0  0  0  -1  0   2  1  0  0  0  11/16   9:41   0:00   0:00 
Alec Martinez            0  0  0  -1  2   1  3  4  0  0  0/0    19:38   1:02   0:15 
Alexander Radulov        0  0  0  -1  0   1  1  1  0  0  1/3    18:15   0:00   0:00 
Antoine Vermette         0  0  0  -1  0   3  1  0  0  0  13/19  19:00   1:02   1:17 
Brady Skjei              0  0  0  -1  0   0  0  1  0  0  0/0    15:13   0:00   0:00 
Brandon Sutter           0  1  1   1  0   2  1  0  0  0  8/13   12:07   0:00   0:00 
Cameron Gaunce           0  0  0  -1  0   0  1  1  0  0  0/0    15:29   0:00   0:16 
Gabriel Bourque          0  0  0  -1  0   1  0  0  0  0  0/0     9:41   0:00   0:00 
James van Riemsdyk       0  0  0  -1  0   1  2  1  0  0  0/1    19:12   0:57   0:00 
Jared Spurgeon           0  0  0  -1  0   4  0  1  0  0  0/0    19:55   1:02   0:31 
Jarome Iginla            0  0  0  -1  0   3  1  0  0  0  1/1     9:41   0:00   0:00 
Jaromir Jagr             1  0  1   1  0   3  3  1  0  0  0/0    13:04   0:57   0:00 
John Carlson             0  1  1   0  0   1  0  3  0  0  0/0    24:52   0:57   0:46 
Jordan Martinook         0  0  0   1  2   5  0  1  0  0  1/2    12:06   0:00   0:00 
Justin Faulk             0  2  2   0  0   0  2  1  0  0  0/0    24:52   0:57   0:46 
Kyle Palmieri            0  0  0  -1  0   2  1  0  0  0  0/0    17:43   1:02   0:00 
Mikael Backlund          0  0  0  -1  0   1  0  1  0  0  11/24  20:29   0:57   1:17 
Viktor Arvidsson         1  0  1  -1  0   4  0  1  0  0  0/0    17:43   1:02   0:00 

3 Stars

1 - Marcus Johansson (MTL)
2 - Jordan Eberle (MTL)
3 - Gustav Nyquist (MTL)

Power Play

Canadiens - 2 on 2 Attempt(s) - 100.00%
Flames - 0 on 1 Attempt(s) - 0.00%

Penalty Kill

Canadiens - 1 on 1 Attempt(s) - 100.00% - Score 0 goal in Penalty Kill
Flames - 0 on 2 Attempt(s) - 0.00% - Score 0 goal in Penalty Kill

Team Stat

Canadiens - Hits : 16 - Faceoff Wins : 33 - Blocked Shots : 8 - Penalty Minutes : 2
Flames - Hits : 17 - Faceoff Wins : 46 - Blocked Shots : 17 - Penalty Minutes : 4

Official

Referees : Mike Hasenfratz and Chris Lee
Linesman : Brian Murphy and Devin Berg

Game Notes

Mike Smith enters game at 4:13 of 3rd period

Finance

Level 1 -- Attendance: 5858 (90.12%) -- Ticket Income 585 800 $
Level 2 -- Attendance: 5000 (100.00%) -- Ticket Income 275 000 $
Level 3 -- Attendance: 3500 (100.00%) -- Ticket Income 157 500 $
Level 4 -- Attendance: 2980 (90.61%) -- Ticket Income 59 600 $
Luxury Box -- Attendance: 952 (95.20%) -- Ticket Income 133 280 $
Game was played at the Scotiabank Saddledome.
Total Attendance: 18290 (94.82%)
Total Ticket Income: 1 211 180 $
Other Income: 181 677 $
Total Income: 1 392 857 $

% Time on Ice - Canadiens

Lines # - Real PCT - Wanted PCT - Time Play
Normal Forward
1 - 33% - 35% - 18:54
2 - 34% - 35% - 19:30
3 - 21% - 20% - 12:11
4 - 11% - 10% - 6:09
Normal Defense
1 - 29% - 35% - 16:22
2 - 29% - 30% - 16:32
3 - 32% - 20% - 18:10
4 - 10% - 15% - 5:40
PP Forward
1 - 100% - 60% - 1:17
2 - 0% - 40% - 0:00
PP Defense
1 - 19% - 50% - 0:15
2 - 81% - 50% - 1:02
PK Forward
1 - 67% - 55% - 1:20
2 - 33% - 45% - 0:39
PK Defense
1 - 41% - 55% - 0:49
2 - 59% - 45% - 1:10
PK3 Forward
1 - 0% - 60%
2 - 0% - 40%
PK3 Defense
1 - 0% - 55%
2 - 0% - 45%
44 Forward
1 - 0% - 50%
2 - 0% - 50%
44 Defense
1 - 0% - 50%
2 - 0% - 50%
Last Minute Offensive  - 0:00
Last Minute Defensive  - 0:00
Total
Forward - 60:00
Defense - 60:00

% Time on Ice - Flames

Lines # - Real PCT - Wanted PCT - Time Play
Normal Forward
1 - 32% - 40% - 18:15
2 - 29% - 30% - 16:41
3 - 21% - 20% - 12:07
4 - 17% - 10% - 9:41
Normal Defense
1 - 36% - 40% - 20:30
2 - 32% - 30% - 18:22
3 - 27% - 20% - 15:13
4 - 5% - 10% - 2:39
PP Forward
1 - 48% - 60% - 0:57
2 - 52% - 40% - 1:02
PP Defense
1 - 48% - 60% - 0:57
2 - 52% - 40% - 1:02
PK Forward
1 - 100% - 60% - 1:17
2 - 0% - 40% - 0:00
PK Defense
1 - 60% - 60% - 0:46
2 - 40% - 40% - 0:31
PK3 Forward
1 - 0% - 60%
2 - 0% - 40%
PK3 Defense
1 - 0% - 60%
2 - 0% - 40%
44 Forward
1 - 0% - 60%
2 - 0% - 40%
44 Defense
1 - 0% - 60%
2 - 0% - 40%
Last Minute Offensive  - 0:00
Last Minute Defensive  - 0:00
Total
Forward - 60:00
Defense - 60:00

Play by Play

1st period


0:01 of 1st period - John Tavares wins face-off versus Mikael Backlund in neutral zone.
0:04 of 1st period - Shot by Marcus Johansson.
0:04 of 1st period - Shot Misses the Net.
1:33 of 1st period - Shot by Mike Ribeiro.
1:33 of 1st period - Deflect By Jordan Eberle.
1:33 of 1st period - Goal by Jordan Eberle - Canadiens : 1 - Flames : 0.
1:34 of 1st period - Brandon Sutter wins face-off versus Auston Matthews in neutral zone.
1:36 of 1st period - Jaromir Jagr is hit by Josh Morrissey and loses puck.
1:53 of 1st period - Nate Schmidt is hit by Jaromir Jagr.
2:06 of 1st period - Brandon Sutter is hit by Nate Schmidt and loses puck.
2:35 of 1st period - Icing by Justin Faulk.
2:36 of 1st period - Adam Lowry wins face-off versus Mike Ribeiro in Flames zone.
2:38 of 1st period - Icing by John Carlson.
2:39 of 1st period - Adam Lowry wins face-off versus Mike Ribeiro in Flames zone.
3:03 of 1st period - Jordan Eberle is hit by Jarome Iginla and loses puck.
3:48 of 1st period - Shot by John Tavares.
3:48 of 1st period - Shot Hit the Post.
4:09 of 1st period - Off-side.
4:10 of 1st period - Antoine Vermette wins face-off versus Nick Shore in neutral zone.
4:17 of 1st period - Shot by Viktor Arvidsson.
4:17 of 1st period - Deflect By Kyle Palmieri.
4:17 of 1st period - Shot Misses the Net.
4:20 of 1st period - Icing by Nate Schmidt.
4:21 of 1st period - Nick Shore wins face-off versus Brandon Sutter in Canadiens zone.
4:39 of 1st period - Shot by Brandon Sutter.
4:39 of 1st period - Stopped by Cam Talbot without a rebound.
4:40 of 1st period - Mike Ribeiro wins face-off versus Antoine Vermette in Canadiens zone.
4:40 of 1st period - Mike Ribeiro is hit by Antoine Vermette.
5:04 of 1st period - Shot by Viktor Arvidsson.
5:04 of 1st period - Goal by Viktor Arvidsson - Canadiens : 1 - Flames : 1.
5:05 of 1st period - John Tavares wins face-off versus Mikael Backlund in neutral zone.
5:33 of 1st period - Shot by James van Riemsdyk.
5:33 of 1st period - Stopped by Cam Talbot without a rebound.
5:34 of 1st period - Antoine Vermette wins face-off versus Mike Ribeiro in Canadiens zone.
5:34 of 1st period - Antoine Vermette is hit by Ivan Provorov.
5:46 of 1st period - Shot by Kyle Palmieri.
5:46 of 1st period - Shot Misses the Net.
5:48 of 1st period - Shot by Viktor Arvidsson.
5:48 of 1st period - Shot Misses the Net.
5:50 of 1st period - Shot by John Carlson.
5:50 of 1st period - Shot Misses the Net.
5:58 of 1st period - Shot by Kyle Palmieri.
5:58 of 1st period - Stopped by Cam Talbot without a rebound.
5:59 of 1st period - Auston Matthews wins face-off versus Jordan Martinook in Canadiens zone.
6:07 of 1st period - Icing by Nate Schmidt.
6:08 of 1st period - Auston Matthews wins face-off versus Mikael Backlund in Canadiens zone.
7:10 of 1st period - Shot by Gustav Nyquist.
7:10 of 1st period - Deflect By Mike Ribeiro.
7:10 of 1st period - Stopped by Andrei Vasilevskiy without a rebound.
7:11 of 1st period - Antoine Vermette wins face-off versus John Tavares in Flames zone.
7:22 of 1st period - Shot by Kyle Palmieri.
7:22 of 1st period - Stopped by Cam Talbot without a rebound.
7:23 of 1st period - Mike Ribeiro wins face-off versus Brandon Sutter in Canadiens zone.
7:23 of 1st period - Mike Ribeiro is hit by Jaromir Jagr.
8:27 of 1st period - Jared Spurgeon is hit by Marcus Johansson and loses puck.
8:34 of 1st period - Shot by Marcus Johansson.
8:34 of 1st period - Stopped by Andrei Vasilevskiy without a rebound.
8:35 of 1st period - Adam Lowry wins face-off versus Nick Shore in Flames zone.
8:35 of 1st period - Adam Lowry is hit by Justin Abdelkader.
8:52 of 1st period - Shot by Jarome Iginla.
8:52 of 1st period - Stopped by Cam Talbot without a rebound.
8:53 of 1st period - Mikael Backlund wins face-off versus John Tavares in Canadiens zone.
11:27 of 1st period - Off-side.
11:28 of 1st period - Auston Matthews wins face-off versus Alexander Radulov in neutral zone.
13:41 of 1st period - Icing by Ivan Provorov.
13:42 of 1st period - Brandon Sutter wins face-off versus Mike Ribeiro in Canadiens zone.
13:54 of 1st period - Shot by Jordan Martinook.
13:54 of 1st period - Shot Misses the Net.
13:58 of 1st period - Shot by Brandon Sutter.
13:58 of 1st period - Shot Misses the Net.
14:00 of 1st period - Shot by Jordan Martinook.
14:00 of 1st period - Stopped by Cam Talbot without a rebound.
14:01 of 1st period - John Tavares wins face-off versus Adam Lowry in Canadiens zone.
14:14 of 1st period - Shot by Marcus Johansson.
14:14 of 1st period - Shot Misses the Net.
14:16 of 1st period - Shot by Nate Schmidt.
14:16 of 1st period - Stopped by Andrei Vasilevskiy with a rebound.
14:18 of 1st period - Shot by John Tavares.
14:18 of 1st period - Shot Misses the Net.
14:20 of 1st period - Shot by Nate Schmidt.
14:20 of 1st period - Shot Blocked by Cameron Gaunce.
14:22 of 1st period - Shot by Jakob Silfverberg.
14:22 of 1st period - Deflect By Marcus Johansson.
14:22 of 1st period - Shot Misses the Net.
14:32 of 1st period - Shot by John Tavares.
14:32 of 1st period - Deflect By Marcus Johansson.
14:32 of 1st period - Shot Misses the Net.
14:34 of 1st period - Shot by Nate Schmidt.
14:34 of 1st period - Stopped by Andrei Vasilevskiy with a rebound.
14:36 of 1st period - Shot by Josh Morrissey.
14:36 of 1st period - Stopped by Andrei Vasilevskiy without a rebound.
14:37 of 1st period - Auston Matthews wins face-off versus Brandon Sutter in Flames zone.
15:19 of 1st period - Shot by Gustav Nyquist.
15:19 of 1st period - Stopped by Andrei Vasilevskiy without a rebound.
15:20 of 1st period - John Tavares wins face-off versus Mikael Backlund in Flames zone.
16:22 of 1st period - Icing by Mike Ribeiro.
16:23 of 1st period - Adam Lowry wins face-off versus Mike Ribeiro in Canadiens zone.
16:32 of 1st period - Shot by Justin Faulk.
16:32 of 1st period - Deflect By Adam Lowry.
16:32 of 1st period - Stopped by Cam Talbot with a rebound.
16:34 of 1st period - Shot by Gabriel Bourque.
16:34 of 1st period - Stopped by Cam Talbot without a rebound.
16:35 of 1st period - Antoine Vermette wins face-off versus Auston Matthews in Canadiens zone.
16:42 of 1st period - Shot by Viktor Arvidsson.
16:42 of 1st period - Shot Misses the Net.
16:56 of 1st period - Shot by Antoine Vermette.
16:56 of 1st period - Stopped by Cam Talbot without a rebound.
16:57 of 1st period - Mikael Backlund wins face-off versus Mike Ribeiro in Canadiens zone.
17:08 of 1st period - Shot by Jordan Eberle.
17:08 of 1st period - Stopped by Andrei Vasilevskiy without a rebound.
17:09 of 1st period - Brandon Sutter wins face-off versus John Tavares in Flames zone.
17:45 of 1st period - Shot by Jaromir Jagr.
17:45 of 1st period - Goal by Jaromir Jagr - Canadiens : 1 - Flames : 2.
17:46 of 1st period - Mike Ribeiro wins face-off versus James van Riemsdyk in neutral zone.
17:53 of 1st period - Shot by Alexander Radulov.
17:53 of 1st period - Deflect By Mikael Backlund.
17:53 of 1st period - Shot Misses the Net.
18:53 of 1st period - Shot by Viktor Arvidsson.
18:53 of 1st period - Shot Blocked by Nate Schmidt.
19:18 of 1st period - Shot by Brandon Sutter.
19:18 of 1st period - Shot Blocked by Jordan Eberle.
19:26 of 1st period - Jordan Martinook is hit by Gustav Nyquist and loses puck.
19:44 of 1st period - Minor Penalty to Jordan Martinook for Elbowing.
19:45 of 1st period - John Tavares wins face-off versus Mikael Backlund in Flames zone.
19:56 of 1st period - Shot by Marcus Johansson.
19:56 of 1st period - Shot Misses the Net.
19:58 of 1st period - Shot by Jakob Silfverberg.
19:58 of 1st period - Stopped by Andrei Vasilevskiy with a rebound.
Goals for this period are 1 for Canadiens vs 2 for Flames.
Shots for this period are 9 for Canadiens vs 11 for Flames.

2nd period


0:01 of 2nd period - John Tavares wins face-off versus Mikael Backlund in neutral zone.
0:20 of 2nd period - Shot by Marcus Johansson.
0:20 of 2nd period - Shot Misses the Net.
0:22 of 2nd period - Shot by Jakob Silfverberg.
0:22 of 2nd period - Goal by Jakob Silfverberg - Canadiens : 2 - Flames : 2.
0:23 of 2nd period - Zack Smith wins face-off versus Adam Lowry in neutral zone.
0:36 of 2nd period - Shot by Adam Lowry.
0:36 of 2nd period - Stopped by Cam Talbot without a rebound.
0:37 of 2nd period - Mikael Backlund wins face-off versus Mike Ribeiro in Canadiens zone.
1:00 of 2nd period - Shot by Gustav Nyquist.
1:00 of 2nd period - Shot Blocked by John Carlson.
1:02 of 2nd period - Shot by Adam Larsson.
1:02 of 2nd period - Stopped by Andrei Vasilevskiy without a rebound.
1:03 of 2nd period - Antoine Vermette wins face-off versus John Tavares in Flames zone.
1:17 of 2nd period - Shot by Viktor Arvidsson.
1:17 of 2nd period - Shot Blocked by Ivan Provorov.
1:19 of 2nd period - Shot by Alec Martinez.
1:19 of 2nd period - Stopped by Cam Talbot without a rebound.
1:20 of 2nd period - Adam Lowry wins face-off versus Nick Shore in Canadiens zone.
1:41 of 2nd period - Shot by Justin Abdelkader.
1:41 of 2nd period - Shot Misses the Net.
1:43 of 2nd period - Shot by Zack Smith.
1:43 of 2nd period - Goal by Zack Smith - Canadiens : 3 - Flames : 2.
1:44 of 2nd period - John Tavares wins face-off versus Mikael Backlund in neutral zone.
2:07 of 2nd period - Shot by John Tavares.
2:07 of 2nd period - Shot Misses the Net.
2:09 of 2nd period - Shot by Brayden McNabb.
2:09 of 2nd period - Shot Misses the Net.
2:15 of 2nd period - Shot by Marcus Johansson.
2:15 of 2nd period - Stopped by Andrei Vasilevskiy with a rebound.
2:17 of 2nd period - Shot by Brayden McNabb.
2:17 of 2nd period - Shot Blocked by Alec Martinez.
2:19 of 2nd period - Shot by Brayden McNabb.
2:19 of 2nd period - Stopped by Andrei Vasilevskiy without a rebound.
2:20 of 2nd period - Antoine Vermette wins face-off versus Auston Matthews in Flames zone.
2:24 of 2nd period - Icing by Kyle Palmieri.
2:25 of 2nd period - Auston Matthews wins face-off versus Antoine Vermette in Flames zone.
2:25 of 2nd period - Auston Matthews is hit by Justin Faulk.
2:35 of 2nd period - Shot by Auston Matthews.
2:35 of 2nd period - Shot Blocked by John Carlson.
3:20 of 2nd period - James van Riemsdyk is hit by Josh Morrissey and loses puck.
3:50 of 2nd period - Icing by Brayden McNabb.
3:51 of 2nd period - John Tavares wins face-off versus Brandon Sutter in Canadiens zone.
4:04 of 2nd period - Shot by John Tavares.
4:04 of 2nd period - Shot Misses the Net.
4:24 of 2nd period - Shot by Jaromir Jagr.
4:24 of 2nd period - Stopped by Cam Talbot without a rebound.
4:25 of 2nd period - Mike Ribeiro wins face-off versus Antoine Vermette in Canadiens zone.
4:32 of 2nd period - Icing by John Carlson.
4:33 of 2nd period - Antoine Vermette wins face-off versus Mike Ribeiro in Flames zone.
4:33 of 2nd period - Antoine Vermette is hit by Mike Ribeiro.
4:55 of 2nd period - Shot by Mike Ribeiro.
4:55 of 2nd period - Shot Misses the Net.
5:56 of 2nd period - Icing by Adam Larsson.
5:57 of 2nd period - Nick Shore wins face-off versus Brandon Sutter in Canadiens zone.
6:24 of 2nd period - Shot by Jordan Martinook.
6:24 of 2nd period - Shot Misses the Net.
6:26 of 2nd period - Shot by Cameron Gaunce.
6:26 of 2nd period - Shot Misses the Net.
6:28 of 2nd period - Shot by Jordan Martinook.
6:28 of 2nd period - Stopped by Cam Talbot without a rebound.
6:29 of 2nd period - John Tavares wins face-off versus Adam Lowry in Canadiens zone.
6:43 of 2nd period - Nate Schmidt is hit by Justin Faulk and loses puck.
6:59 of 2nd period - Icing by Justin Faulk.
7:00 of 2nd period - Adam Lowry wins face-off versus Mike Ribeiro in Flames zone.
7:02 of 2nd period - Icing by Justin Faulk.
7:03 of 2nd period - Adam Lowry wins face-off versus Mike Ribeiro in Flames zone.
7:07 of 2nd period - Justin Faulk is hit by Ian Cole and loses puck.
7:40 of 2nd period - Shot by Jordan Eberle.
7:40 of 2nd period - Shot Blocked by Alec Martinez.
7:51 of 2nd period - Marcus Johansson is hit by Alec Martinez and loses puck.
7:58 of 2nd period - Shot by Jakob Silfverberg.
7:58 of 2nd period - Shot Misses the Net.
8:07 of 2nd period - Marcus Johansson is hit by Alec Martinez and loses puck.
10:04 of 2nd period - Shot by Jared Spurgeon.
10:04 of 2nd period - Stopped by Cam Talbot without a rebound.
10:05 of 2nd period - Mikael Backlund wins face-off versus Mike Ribeiro in Canadiens zone.
10:28 of 2nd period - Shot by Jordan Eberle.
10:28 of 2nd period - Shot Blocked by Mikael Backlund.
10:38 of 2nd period - Shot by Jordan Eberle.
10:38 of 2nd period - Shot Blocked by James van Riemsdyk.
10:40 of 2nd period - Shot by Ian Cole.
10:40 of 2nd period - Shot Hit the Post.
10:52 of 2nd period - Marcus Johansson is hit by James van Riemsdyk and loses puck.
11:17 of 2nd period - Shot by Viktor Arvidsson.
11:17 of 2nd period - Stopped by Cam Talbot without a rebound.
11:18 of 2nd period - Jordan Martinook wins face-off versus Nick Shore in Canadiens zone.
11:21 of 2nd period - Shot by Jaromir Jagr.
11:21 of 2nd period - Stopped by Cam Talbot with a rebound.
11:27 of 2nd period - Shot by Jordan Martinook.
11:27 of 2nd period - Stopped by Cam Talbot without a rebound.
11:28 of 2nd period - Antoine Vermette wins face-off versus Mike Ribeiro in Canadiens zone.
11:41 of 2nd period - Shot by Kyle Palmieri.
11:41 of 2nd period - Shot Misses the Net.
11:55 of 2nd period - Shot by Viktor Arvidsson.
11:55 of 2nd period - Shot Misses the Net.
12:27 of 2nd period - Shot by Marcus Johansson.
12:27 of 2nd period - Stopped by Andrei Vasilevskiy with a rebound.
12:36 of 2nd period - Jakob Silfverberg is hit by Alec Martinez and loses puck.
13:03 of 2nd period - Jared Spurgeon is hit by Zack Smith.
13:24 of 2nd period - Icing by Adam Larsson.
13:25 of 2nd period - Jarome Iginla wins face-off versus Auston Matthews in Canadiens zone.
13:25 of 2nd period - Jarome Iginla is hit by Adam Larsson.
13:49 of 2nd period - Gabriel Bourque is hit by Zack Smith and loses puck.
14:06 of 2nd period - Shot by Gustav Nyquist.
14:06 of 2nd period - Stopped by Andrei Vasilevskiy without a rebound.
14:07 of 2nd period - John Tavares wins face-off versus Mikael Backlund in Flames zone.
15:46 of 2nd period - Shot by Jordan Eberle.
15:46 of 2nd period - Shot Blocked by Viktor Arvidsson.
15:48 of 2nd period - Shot by Mike Ribeiro.
15:48 of 2nd period - Shot Misses the Net.
15:50 of 2nd period - Shot by Josh Morrissey.
15:50 of 2nd period - Shot Blocked by Alec Martinez.
15:52 of 2nd period - Shot by Josh Morrissey.
15:52 of 2nd period - Shot Blocked by Jared Spurgeon.
16:24 of 2nd period - John Carlson is hit by Nick Shore.
16:42 of 2nd period - Shot by Justin Abdelkader.
16:42 of 2nd period - Deflect By Zack Smith.
16:42 of 2nd period - Shot Misses the Net.
16:44 of 2nd period - Shot by Zack Smith.
16:44 of 2nd period - Shot Blocked by Jordan Martinook.
16:46 of 2nd period - Shot by Zack Smith.
16:46 of 2nd period - Stopped by Andrei Vasilevskiy without a rebound.
16:47 of 2nd period - Alexander Radulov wins face-off versus Auston Matthews in Flames zone.
17:17 of 2nd period - Icing by Mikael Backlund.
17:18 of 2nd period - John Tavares wins face-off versus Mikael Backlund in Flames zone.
17:18 of 2nd period - John Tavares is hit by Cameron Gaunce.
17:20 of 2nd period - Shot by Jakob Silfverberg.
17:20 of 2nd period - Stopped by Andrei Vasilevskiy without a rebound.
17:21 of 2nd period - Adam Lowry wins face-off versus John Tavares in Flames zone.
17:46 of 2nd period - Shot by Marcus Johansson.
17:46 of 2nd period - Shot Misses the Net.
18:17 of 2nd period - Shot by Alexander Radulov.
18:17 of 2nd period - Stopped by Cam Talbot without a rebound.
18:18 of 2nd period - Antoine Vermette wins face-off versus Mike Ribeiro in Canadiens zone.
18:25 of 2nd period - Shot by Viktor Arvidsson.
18:25 of 2nd period - Stopped by Cam Talbot with a rebound.
18:49 of 2nd period - Shot by Jordan Eberle.
18:49 of 2nd period - Shot Misses the Net.
18:51 of 2nd period - Shot by Jordan Eberle.
18:51 of 2nd period - Shot Blocked by Brady Skjei.
19:06 of 2nd period - Icing by Cameron Gaunce.
19:07 of 2nd period - Antoine Vermette wins face-off versus Auston Matthews in Flames zone.
19:18 of 2nd period - Ivan Provorov is hit by Kyle Palmieri and loses puck.
Goals for this period are 2 for Canadiens vs 0 for Flames.
Shots for this period are 9 for Canadiens vs 10 for Flames.

3rd period


0:01 of 3rd period - Mike Ribeiro wins face-off versus Mikael Backlund in neutral zone.
0:01 of 3rd period - Mike Ribeiro is hit by Alexander Radulov.
0:05 of 3rd period - Shot by Jordan Eberle.
0:05 of 3rd period - Shot Blocked by Justin Faulk.
0:34 of 3rd period - Minor Penalty to Brayden McNabb for Slashing.
0:35 of 3rd period - Antoine Vermette wins face-off versus Zack Smith in Canadiens zone.
1:09 of 3rd period - Shot by Jared Spurgeon.
1:09 of 3rd period - Stopped by Cam Talbot without a rebound.
1:10 of 3rd period - Mikael Backlund wins face-off versus Zack Smith in Canadiens zone.
1:27 of 3rd period - Shot by Mikael Backlund.
1:27 of 3rd period - Shot Misses the Net.
1:35 of 3rd period - Shot by James van Riemsdyk.
1:35 of 3rd period - Shot Misses the Net.
1:37 of 3rd period - Shot by Jaromir Jagr.
1:37 of 3rd period - Shot Blocked by Adam Larsson.
1:39 of 3rd period - Shot by John Carlson.
1:39 of 3rd period - Stopped by Cam Talbot without a rebound.
1:40 of 3rd period - Antoine Vermette wins face-off versus Nick Shore in Canadiens zone.
2:02 of 3rd period - Shot by Kyle Palmieri.
2:02 of 3rd period - Shot Misses the Net.
2:04 of 3rd period - Shot by Jared Spurgeon.
2:04 of 3rd period - Stopped by Cam Talbot with a rebound.
2:06 of 3rd period - Shot by Viktor Arvidsson.
2:06 of 3rd period - Stopped by Cam Talbot without a rebound.
2:07 of 3rd period - Zack Smith wins face-off versus Mikael Backlund in Canadiens zone.
2:07 of 3rd period - Zack Smith is hit by Jaromir Jagr.
3:07 of 3rd period - Shot by Jarome Iginla.
3:07 of 3rd period - Stopped by Cam Talbot with a rebound.
3:29 of 3rd period - Icing by Kyle Palmieri.
3:30 of 3rd period - John Tavares wins face-off versus Antoine Vermette in Flames zone.
3:33 of 3rd period - Shot by Jakob Silfverberg.
3:33 of 3rd period - Shot Misses the Net.
3:34 of 3rd period - Minor Penalty to Alec Martinez for Holding.
3:35 of 3rd period - Mikael Backlund wins face-off versus John Tavares in Flames zone.
3:59 of 3rd period - Icing by Jakob Silfverberg.
4:00 of 3rd period - Mikael Backlund wins face-off versus Jakob Silfverberg in Canadiens zone.
4:11 of 3rd period - Shot by Ian Cole.
4:11 of 3rd period - Shot Misses the Net.
4:13 of 3rd period - Shot by Marcus Johansson.
4:13 of 3rd period - Goal by Marcus Johansson - Canadiens : 4 - Flames : 2.
4:13 of 3rd period - Mike Smith enters game.
4:14 of 3rd period - Brandon Sutter wins face-off versus Mike Ribeiro in neutral zone.
4:25 of 3rd period - Shot by Brandon Sutter.
4:25 of 3rd period - Shot Blocked by Brayden McNabb.
4:27 of 3rd period - Shot by Jared Spurgeon.
4:27 of 3rd period - Stopped by Cam Talbot without a rebound.
4:28 of 3rd period - Adam Lowry wins face-off versus Nick Shore in Canadiens zone.
4:28 of 3rd period - John Carlson is hit by Ian Cole and loses puck.
4:53 of 3rd period - Shot by Zack Smith.
4:53 of 3rd period - Shot Misses the Net.
5:19 of 3rd period - Icing by Adam Larsson.
5:20 of 3rd period - Mikael Backlund wins face-off versus John Tavares in Canadiens zone.
5:53 of 3rd period - Shot by Jakob Silfverberg.
5:53 of 3rd period - Shot Misses the Net.
6:17 of 3rd period - Cameron Gaunce is hit by Jordan Eberle and loses puck.
6:37 of 3rd period - Shot by Mike Ribeiro.
6:37 of 3rd period - Shot Misses the Net.
6:39 of 3rd period - Shot by Nate Schmidt.
6:39 of 3rd period - Stopped by Mike Smith with a rebound.
7:11 of 3rd period - Ivan Provorov is hit by Brandon Sutter and loses puck.
7:37 of 3rd period - Shot by Jaromir Jagr.
7:37 of 3rd period - Shot Blocked by Ian Cole.
7:39 of 3rd period - Shot by Brandon Sutter.
7:39 of 3rd period - Stopped by Cam Talbot with a rebound.
7:43 of 3rd period - Shot by Jordan Martinook.
7:43 of 3rd period - Shot Misses the Net.
8:17 of 3rd period - Shot by Gabriel Bourque.
8:17 of 3rd period - Deflect By Jarome Iginla.
8:17 of 3rd period - Stopped by Cam Talbot without a rebound.
8:18 of 3rd period - Mikael Backlund wins face-off versus John Tavares in Canadiens zone.
8:20 of 3rd period - Alexander Radulov is hit by Adam Larsson and loses puck.
8:35 of 3rd period - Shot by Marcus Johansson.
8:35 of 3rd period - Stopped by Mike Smith without a rebound.
8:36 of 3rd period - Antoine Vermette wins face-off versus Mike Ribeiro in Flames zone.
8:41 of 3rd period - Shot by Viktor Arvidsson.
8:41 of 3rd period - Deflect By Kyle Palmieri.
8:41 of 3rd period - Shot Blocked by Josh Morrissey.
8:51 of 3rd period - Shot by Mike Ribeiro.
8:51 of 3rd period - Shot Misses the Net.
9:14 of 3rd period - Icing by Nate Schmidt.
9:15 of 3rd period - Mikael Backlund wins face-off versus Mike Ribeiro in Canadiens zone.
9:23 of 3rd period - Icing by Josh Morrissey.
9:24 of 3rd period - Mike Ribeiro wins face-off versus Mikael Backlund in Canadiens zone.
9:42 of 3rd period - Josh Morrissey is hit by James van Riemsdyk and loses puck.
10:00 of 3rd period - Icing by Jordan Eberle.
10:01 of 3rd period - Brandon Sutter wins face-off versus Mike Ribeiro in Canadiens zone.
10:04 of 3rd period - Shot by Jordan Martinook.
10:04 of 3rd period - Stopped by Cam Talbot with a rebound.
10:17 of 3rd period - Icing by Cameron Gaunce.
10:18 of 3rd period - Brandon Sutter wins face-off versus Jakob Silfverberg in Flames zone.
10:39 of 3rd period - Shot by Marcus Johansson.
10:39 of 3rd period - Stopped by Mike Smith with a rebound.
11:20 of 3rd period - Shot by James van Riemsdyk.
11:20 of 3rd period - Shot Blocked by Brayden McNabb.
11:22 of 3rd period - Shot by Alexander Radulov.
11:22 of 3rd period - Shot Misses the Net.
11:30 of 3rd period - Shot by Alexander Radulov.
11:30 of 3rd period - Shot Misses the Net.
12:06 of 3rd period - Shot by Antoine Vermette.
12:06 of 3rd period - Stopped by Cam Talbot without a rebound.
12:07 of 3rd period - Adam Lowry wins face-off versus Nick Shore in Canadiens zone.
13:06 of 3rd period - Shot by Jordan Eberle.
13:06 of 3rd period - Shot Blocked by John Carlson.
13:14 of 3rd period - Shot by Gustav Nyquist.
13:14 of 3rd period - Shot Misses the Net.
13:16 of 3rd period - Shot by Gustav Nyquist.
13:16 of 3rd period - Shot Misses the Net.
13:18 of 3rd period - Shot by Ivan Provorov.
13:18 of 3rd period - Shot Misses the Net.
13:20 of 3rd period - Shot by Adam Larsson.
13:20 of 3rd period - Stopped by Mike Smith without a rebound.
13:21 of 3rd period - Mikael Backlund wins face-off versus Auston Matthews in Flames zone.
13:25 of 3rd period - Icing by Jared Spurgeon.
13:26 of 3rd period - Auston Matthews wins face-off versus Alexander Radulov in Flames zone.
13:41 of 3rd period - Shot by Auston Matthews.
13:41 of 3rd period - Shot Misses the Net.
13:43 of 3rd period - Shot by Nate Schmidt.
13:43 of 3rd period - Shot Blocked by Alexander Radulov.
14:24 of 3rd period - Shot by Antoine Vermette.
14:24 of 3rd period - Stopped by Cam Talbot without a rebound.
14:25 of 3rd period - Brandon Sutter wins face-off versus Mike Ribeiro in Canadiens zone.
14:52 of 3rd period - Shot by Mike Ribeiro.
14:52 of 3rd period - Shot Blocked by Jaromir Jagr.
15:12 of 3rd period - Shot by Jakob Silfverberg.
15:12 of 3rd period - Stopped by Mike Smith without a rebound.
15:13 of 3rd period - John Tavares wins face-off versus Antoine Vermette in Flames zone.
15:18 of 3rd period - Shot by Marcus Johansson.
15:18 of 3rd period - Shot Misses the Net.
15:20 of 3rd period - Shot by John Tavares.
15:20 of 3rd period - Shot Misses the Net.
15:22 of 3rd period - Shot by Adam Larsson.
15:22 of 3rd period - Goal by Adam Larsson - Canadiens : 5 - Flames : 2.
15:23 of 3rd period - Marcus Johansson wins face-off versus Mikael Backlund in neutral zone.
15:44 of 3rd period - Shot by Jakob Silfverberg.
15:44 of 3rd period - Stopped by Mike Smith with a rebound.
15:46 of 3rd period - Shot by Jakob Silfverberg.
15:46 of 3rd period - Shot Misses the Net.
15:52 of 3rd period - Shot by Jakob Silfverberg.
15:52 of 3rd period - Shot Blocked by Alec Martinez.
17:26 of 3rd period - Shot by Jordan Martinook.
17:26 of 3rd period - Stopped by Cam Talbot without a rebound.
17:27 of 3rd period - John Tavares wins face-off versus Adam Lowry in Canadiens zone.
17:27 of 3rd period - John Tavares is hit by Adam Lowry.
18:06 of 3rd period - Icing by Jared Spurgeon.
18:07 of 3rd period - Adam Lowry wins face-off versus Mike Ribeiro in Flames zone.
18:15 of 3rd period - Icing by Adam Lowry.
18:16 of 3rd period - Mike Ribeiro wins face-off versus Adam Lowry in Flames zone.
18:19 of 3rd period - Shot by Jordan Eberle.
18:19 of 3rd period - Shot Misses the Net.
18:41 of 3rd period - Shot by Gustav Nyquist.
18:41 of 3rd period - Goal by Gustav Nyquist - Canadiens : 6 - Flames : 2.
18:42 of 3rd period - John Tavares wins face-off versus Antoine Vermette in neutral zone.
18:56 of 3rd period - Shot by Marcus Johansson.
18:56 of 3rd period - Shot Misses the Net.
19:04 of 3rd period - Shot by John Tavares.
19:04 of 3rd period - Deflect By Jakob Silfverberg.
19:04 of 3rd period - Shot Misses the Net.
19:06 of 3rd period - Shot by Jakob Silfverberg.
19:06 of 3rd period - Shot Misses the Net.
19:08 of 3rd period - Shot by Josh Morrissey.
19:08 of 3rd period - Shot Misses the Net.
19:38 of 3rd period - Shot by Teuvo Teravainen.
19:38 of 3rd period - Shot Misses the Net.
19:56 of 3rd period - Shot by Mikael Backlund.
19:56 of 3rd period - Stopped by Cam Talbot without a rebound.
19:57 of 3rd period - Brandon Sutter wins face-off versus Mike Ribeiro in Canadiens zone.
Goals for this period are 3 for Canadiens vs 0 for Flames.
Shots for this period are 9 for Canadiens vs 13 for Flames.